 Dungeon Crawl Stone Soup version 0.23.0-3-gf3c87f2 (webtiles) character file.

Game seed: 1737089187638659693

56 EtherCrawl the Changer (level 3, -1/18 HPs)
             Began as a Spriggan Transmuter on Feb 22, 2019.
             Slain by a gnoll
             ... wielding a +0 spear
              (9 damage)
             ... on level 1 of the Dungeon.
             The game lasted 00:05:44 (3160 turns).

EtherCrawl the Changer (Spriggan Transmuter)        Turns: 3160, Time: 00:05:45

Health: -1/18      AC:  2    Str:  6    XL:     3   Next: 69%
Magic:  4/8        EV: 18    Int: 15    God:
Gold:   107        SH:  0    Dex: 16    Spells: 2/8 levels left

rFire    + . .     SeeInvis +     - Unarmed
rCold    x . .     Gourm    .   (shield restricted)
rNeg     . . .     Faith    .   b - +0 robe
rPois    .         Spirit   .   (helmet restricted)
rElec    .         Reflect  .   (no cloak)
rCorr    .         Harm     .   (gloves unavailable)
MR       .....                  (boots unavailable)
Stlth    +.........             (no amulet)
HPRegen  0.06/turn              c - ring of see invisible
MPRegen  0.11/turn              l - ring of fire

@: appendage (expiring), very quick
A: very small, unfitting armour, horns 2, see invisible, herbivore, speed 3,
slow metabolism 2
a: End Transformation


You were on level 1 of the Dungeon.
You were hungry.
You had grown temporary horns.
You visited 1 branch of the dungeon, and saw 2 of its levels.

You collected 107 gold pieces.

Inventory:

Missiles
 a - 28 arrows
 e - 116 stones
 h - 2 tomahawks of returning (quivered)
Armour
 b - a +0 robe (worn)
Jewellery
 c - a ring of see invisible (left hand)
 l - a ring of fire (right hand)
Scrolls
 f - a scroll of teleportation {unknown}
 i - a scroll of random uselessness {unknown}
 j - a scroll of enchant weapon {unknown}
 k - a scroll of remove curse {unknown}
 m - a scroll of fear {unknown}
Potions
 g - a potion of curing {unknown}
 n - a potion of magic {unknown}
Comestibles
 d - 5 rations


   Skills:
 + Level 1.2 Fighting
 - Level 3.0 Dodging
 * Level 3.0 Unarmed Combat
 + Level 3.2 Spellcasting
 * Level 3.8 Transmutations
 + Level 0.0 Poison Magic


You had 2 spell levels left.
You knew the following spells:

 Your Spells              Type           Power        Failure   Level  Hunger
a - Beastly Appendage     Tmut           ##....       4%          1    #......
b - Sticks to Snakes      Tmut           ##......     6%          2    ##.....
c - Spider Form           Tmut/Pois      #.........   26%         3    ###....

Your spell library contained the following spells:

 Spells                   Type           Power        Failure   Level  Hunger
 Ice Form                 Ice/Tmut       #.......     65%         4    #####..
 Blade Hands              Tmut           ##........   75%         5    ######.


Dungeon Overview and Level Annotations

Branches:
Dungeon (2/15)

Altars:
Wu Jian


Innate Abilities, Weirdness & Mutations

You are very small and have problems with some larger weapons.
You are too small for most types of armour.
You have supernaturally acute eyesight. (SInv)
You are a herbivore.
You cover ground extremely quickly.
You need to consume almost no food.
You have a pair of horns on your head.


Message History

Confirm with . or Enter, or press ? or * to list all spells.
You create a snake!
You now have 29 arrows.
Casting: Sticks to Snakes (safe; 6% risk of failure)
Confirm with . or Enter, or press ? or * to list all spells.
You create a snake!
You now have 28 arrows.
You are feeling hungry.
Your ball python barely misses the gnoll.
Your ball python grabs the gnoll.
Your ball python constricts the gnoll.
The gnoll struggles to escape constriction.
Your ball python bites the gnoll.
Your ball python constricts the gnoll.
The gnoll closely misses you.
Your ball python bites the gnoll.
Your ball python constricts the gnoll.
You swap places.
Your ball python loses its grip on the gnoll.
Your adder bites the gnoll.
You hit the gnoll.
The gnoll is almost dead.
Your adder closely misses the gnoll.
The gnoll hits you with a +0 spear!
Ouch! That really hurt!
You die...

.### #....##########.. ...#
#....#........... ...#
#....#........##. ...#
#....#..........+ ...#
#######....######.##### ...######
#..........######.##### ........#
#...................... ........#
#..................#### ........#
#.....@............#..'
........###....SSg...........#.##
..........'................>.#.##
........###..................#.##
........# #......................
#†#...############..>............
#>[...'...............##'##......
......######.#####.##.##.##......
......# #.......##.##.#####...


You could see a gnoll, a friendly adder and a friendly ball python.

Vanquished Creatures
  An adder (D:2)
  A dart slug (D:1)
  A leopard gecko (D:1)
  A ball python (D:2)
  2 giant cockroaches
  5 goblins
  4 hobgoblins
  3 jackals (D:1)
  5 quokkas (D:2)
  9 bats (D:1)
  4 kobolds
  A rat (D:1)
37 creatures vanquished.

Vanquished Creatures (collateral kills)
  A hobgoblin (D:1)
1 creature vanquished.

Grand Total: 38 creatures vanquished

Notes
Turn   | Place    | Note
-------+----------+-------------------------------------------
     0 | D:1      | EtherCrawl the Spriggan Transmuter began the quest for the
                  | Orb.
     0 | D:1      | Reached XP level 1. HP: 9/9 MP: 5/5
   133 | D:1      | Reached skill level 1 in Fighting
   158 | D:1      | Reached XP level 2. HP: 2/14 MP: 6/6
   217 | D:1      | Learned a level 2 spell: Sticks to Snakes
  1586 | D:1      | Reached XP level 3. HP: 18/18 MP: 6/8
  2714 | D:2      | Learned a level 3 spell: Spider Form
  2765 | D:2      | Found an ornate altar of the Wu Jian Council.
  3160 | D:1      | Slain by a gnoll

Skill      XL: |  1  2  3 |
---------------+----------+-----
Transmutations | 3 |  3.8
Fighting       | 1 |  1.2
Spellcasting   | 3 |  3.2
Unarmed Combat | 3 |  3.0
Dodging        | |  3.0

Action                   || total
-------------------------++-------
Melee: Unarmed           ||   176
       Kick              ||    27
       Headbutt          ||     5
       Punch             ||     1
Throw: Tomahawk          ||     2
 Cast: Beastly Appendage ||    28
       Sticks to Snakes  ||     4
Armor: Robe              ||    21
Dodge: Dodged            ||   185
